[Event "Team 45 45 League T61"]
[Site "Internet Chess Club"]
[Date "2014.07.06"]
[Round "6"]
[White "Atwode"]
[Black "LazyPeon"]
[Result "1-0"]
[WhiteElo "1868"]
[BlackElo "1872"]
[Opening "King's Indian: East Indian defense"]
[ECO "A48"]
[Time "17:01:58"]
[TimeControl "2700+45"]

1. d4 Nf6 2. Nf3 g6 3. Nc3 d5 4. Bf4 Bg7 5. e3 O-O 6. Be2 Nbd7 7. Qd2 c5 8.
O-O-O cxd4 9. exd4 Nb6 10. Ne5 Be6 11. Bh6 Rc8 12. Bxg7 Kxg7 13. h3 Ne4 14. Nxe4
dxe4 15. b3 Nd5 16. c4 b5 17. Kb2 bxc4 18. Nxc4 Nb6 19. Rc1 Nxc4+ 20. Bxc4 Bxc4
21. Rxc4 Qd5 22. Rhc1 Rcd8 23. Qe3 e5 24. dxe5 Qxe5+ 25. Qc3 Rd2+ 26. Rc2 Qxc3+
27. Kxc3 Rd3+ 28. Kb4 e3 29. fxe3 Rxe3 30. Rc7 Rb8+ 31. Ka5 Rbe8 32. Rxa7 R8e5+
33. Kb4 Re2 34. Rac7 R2e4+ 35. Kc3 Re2 36. Kb2 R2e4 37. a4 h5 38. Rf2 Re2+ 39.
Rxe2 Rxe2+ 40. Rc2 Re5 41. b4 g5 42. a5 f5 43. Kb3 g4 44. hxg4 hxg4 45. a6 Re3+
46. Rc3 Re2 47. a7 Re8 48. b5 f4 49. b6 {Black resigns} 1-0

[Event "Team 45 45 League T61"]
[Site "Internet Chess Club"]
[Date "2014.07.05"]
[Round "6"]
[White "justice02"]
[Black "Schachteufel"]
[Result "1-0"]
[WhiteElo "1779"]
[BlackElo "1572"]
[Opening "Two knights defense"]
[ECO "C55"]
[Time "09:00:39"]
[TimeControl "2700+45"]

1. e4 e5 2. Nf3 Nc6 3. Bc4 Nf6 4. O-O Nxe4 5. Qe2 d5 6. Bb5 Bg4 7. d3 Bxf3 8.
gxf3 Nd6 9. Qxe5+ Be7 10. Bxc6+ bxc6 11. Qxg7 Bf6 12. Re1+ Kd7 13. Qg4+ Nf5 14.
Qxf5+ Kd6 15. Bf4+ Kc5 16. Be3+ Kd6 17. c4 d4 18. c5+ Ke7 19. Bh6+ {Black
resigns} 1-0

[Event "Team 45 45 League T61"]
[Site "Internet Chess Club"]
[Date "2014.07.06"]
[Round "6"]
[White "pokerram"]
[Black "fishhead"]
[Result "0-1"]
[WhiteElo "1644"]
[BlackElo "1850"]
[Opening "Sicilian"]
[ECO "B50"]
[Time "15:00:22"]
[TimeControl "2700+45"]

1. e4 c5 2. Nf3 d6 3. c3 Nf6 4. h3 e5 5. Bd3 Be7 6. Bc2 Qc7 7. O-O h6 8. d3 Nc6
9. Re1 O-O 10. Nbd2 b5 11. Nf1 d5 12. Qe2 d4 13. Ng3 Re8 14. Nh4 Bf8 15. Nhf5
Kh7 16. Qd2 Ng8 17. Rf1 g6 18. Nh4 Qe7 19. Nf3 Qf6 20. Nh2 g5 21. Ng4 Qg6 22.
Qd1 Nge7 23. f4 gxf4 24. Bxf4 exf4 25. Rxf4 f5 26. exf5 Bxf5 27. Nxf5 Nxf5 28.
Qf3 h5 29. Rxf5 hxg4 30. hxg4 Ne5 31. Qh3+ Kg7 32. Raf1 Bd6 33. Rf6 Qxf6 34.
Rxf6 Kxf6 35. Qh6+ Ke7 36. g5 Kd7 37. Qh3+ Kc7 38. cxd4 cxd4 39. Qh7+ Kb6 40.
Bb3 Re7 41. Qe4 Rf8 42. Qd5 Nc4 43. g4 Re1+ {White resigns} 0-1

[Event "Team 45 45 League T61"]
[Site "Internet Chess Club"]
[Date "2014.07.04"]
[Round "6"]
[White "fhunfi"]
[Black "alexping"]
[Result "0-1"]
[WhiteElo "1896"]
[BlackElo "1887"]
[Opening "French: Winawer (Nimzovich) variation"]
[ECO "C15"]
[Time "12:02:22"]
[TimeControl "2700+45"]

1. e4 e6 2. d4 d5 3. Nc3 Bb4 4. Qg4 Nf6 5. Qxg7 Rg8 6. Qh6 Rg6 7. Qe3 Nxe4 8.
Ne2 c5 9. a3 Qa5 10. Rb1 Bxc3+ 11. bxc3 cxd4 12. Qxd4 f6 13. f3 e5 14. Qb4 Qxb4
15. cxb4 Nd6 16. Nc3 Be6 17. Nb5 Nxb5 18. Bxb5+ Bd7 19. Bxd7+ Nxd7 20. O-O Rc8
21. Rf2 b5 22. Bb2 Nb6 23. Re1 Nc4 24. Bc1 f5 25. h4 Kf7 26. Rfe2 f4 27. Kh2
Rcg8 28. Rf2 Ra6 29. Rfe2 Rh6 30. Rd1 Rxh4+ 31. Kg1 Rd8 32. Rd3 Rd6 33. Kf2 Rh1
34. Re1 Rxe1 35. Kxe1 Rh6 36. Kf2 Rh1 37. Bd2 Ke6 38. Be1 h5 39. Ke2 h4 40. Kf2
h3 41. gxh3 Rxh3 42. Kg1 Ne3 43. Bf2 Rxf3 44. Rc3 Rxf2 45. Rc6+ Kd7 {White
resigns} 0-1

[Event "Team 45 45 League T61"]
[Site "Internet Chess Club"]
[Date "2014.07.06"]
[Round "6"]
[White "bobhill"]
[Black "RamRock"]
[Result "0-1"]
[WhiteElo "1897"]
[BlackElo "1743"]
[Opening "Dutch defense"]
[ECO "A84"]
[Time "21:01:43"]
[TimeControl "2700+45"]

1. d4 f5 2. c4 e6 3. Nf3 Nf6 4. g3 d5 5. cxd5 exd5 6. Bg2 Bd6 7. Nc3 c6 8. O-O
O-O 9. a3 Nbd7 10. Ng5 Qe7 11. Qc2 Ne4 12. Ncxe4 fxe4 13. f3 h6 14. Nh3 Nf6 15.
Nf4 Bf5 16. Qb3 Rae8 17. e3 g5 18. Ne2 exf3 19. Bxf3 Be4 20. Bd2 Bxf3 21. Rxf3
Ne4 22. Rxf8+ Rxf8 23. Qd3 Qf7 24. Bb4 Nf2 25. Qd2 Nh3+ 26. Kg2 Qf3+ 27. Kxh3
g4+ 28. Kh4 Qf5 29. e4 Qf6+ 30. Kxg4 Qe6+ 31. Kh4 Bxb4 32. axb4 Qxe4+ 33. Kh3
Rf2 34. Rxa7 Qf5+ 35. g4 Qf3+ 36. Ng3 Qg2+ {White resigns} 0-1

[Event "Team 45 45 League T61"]
[Site "Internet Chess Club"]
[Date "2014.07.13"]
[Round "6"]
[White "hewdondada"]
[Black "Beetlejuice"]
[Result "1/2-1/2"]
[WhiteElo "1756"]
[BlackElo "1816"]
[Opening "QGD: Chigorin defense"]
[ECO "D07"]
[Time "07:07:52"]
[TimeControl "2700+45"]

1. d4 d5 2. c4 Nc6 3. e3 e5 4. dxe5 d4 5. Nf3 Bb4+ 6. Bd2 dxe3 7. fxe3 Bg4 8.
Be2 Nge7 9. O-O Ng6 10. Bxb4 Nxb4 11. Qa4+ Nc6 12. c5 Bxf3 13. Bxf3 Nxe5 14.
Bxc6+ Nxc6 15. Qf4 O-O 16. Nc3 Qe7 17. Rad1 Rae8 18. Kh1 Qxe3 19. Qxc7 Re7 20.
Nd5 Rxc7 21. Nxe3 Rd8 22. Rxd8+ Nxd8 23. b4 Rd7 24. Nc4 Rd4 25. Rc1 Kf8 26. h3
Ke7 27. Re1+ Ne6 28. Ne3 Kf6 29. a3 Rd3 30. Ng4+ Ke7 31. Re3 Rxe3 32. Nxe3 Nd4
33. Nc4 Nc2 34. Kg1 Ke6 35. Kf2 Kd5 36. Nd6 Nxa3 37. Nxb7 Nc2 38. b5 Nd4 39. b6
axb6 40. cxb6 Kc6 41. Nd8+ Kxb6 42. Nxf7 Kc5 {Game drawn by mutual agreement}
1/2-1/2

[Event "Team 45 45 League T61"]
[Site "Internet Chess Club"]
[Date "2014.07.04"]
[Round "6"]
[White "misuc56"]
[Black "Timotheous"]
[Result "1-0"]
[WhiteElo "1851"]
[BlackElo "1794"]
[Opening "Benoni defense"]
[ECO "A56"]
[Time "12:00:47"]
[TimeControl "2700+45"]

1. d4 Nf6 2. c4 c5 3. e3 cxd4 4. exd4 g6 5. Nc3 Bg7 6. Nf3 O-O 7. h3 d6 8. Be3
b6 9. Be2 Bb7 10. O-O Na6 11. a3 Nc7 12. Rc1 Nd7 13. b4 a5 14. Qb3 Rb8 15. Qd1
axb4 16. axb4 d5 17. c5 bxc5 18. bxc5 Bc6 19. Rb1 Nxc5 20. Rxb8 Qxb8 21. Nxd5
Nxd5 22. dxc5 Nxe3 23. fxe3 Qg3 24. Qe1 Qxe1 25. Rxe1 Bc3 26. Rc1 Bxf3 27. Bxf3
Bd2 28. Rc2 Bxe3+ 29. Kf1 Rc8 30. c6 Rc7 31. Ke2 Bf4 32. Rc4 Bd6 33. Ra4 Kg7 34.
Kd3 f5 35. g4 f4 36. Kc4 g5 37. Kb5 h6 38. Kb6 Kf6 39. Ra8 Be5 40. Rf8+ Kg7 41.
Rd8 e6 42. Rd7+ Rxd7 43. cxd7 Bf6 44. Kc7 Kf7 45. d8=Q Bxd8+ 46. Kxd8 Kf6 47.
Kd7 Ke5 48. Ke7 Kd4 49. Kxe6 Ke3 50. Bc6 f3 51. Kf6 f2 52. Bg2 Ke2 53. Kg6 Ke3
54. Kxh6 Kf4 55. Kh5 Kg3 56. Bf1 {Black resigns} 1-0

[Event "Team 45 45 League T61"]
[Site "Internet Chess Club"]
[Date "2014.07.07"]
[Round "6"]
[White "Zyme"]
[Black "sdcohle"]
[Result "1-0"]
[WhiteElo "1377"]
[BlackElo "1397"]
[Opening "Queen's gambit accepted"]
[ECO "D20"]
[Time "21:00:15"]
[TimeControl "2700+45"]

1. d4 d5 2. c4 dxc4 3. e3 a6 4. Bxc4 b5 5. Bd3 Bb7 6. Nf3 Nf6 7. Nbd2 e6 8. Qc2
g6 9. O-O Bg7 10. b3 O-O 11. Ba3 Re8 12. Rac1 c6 13. Ne4 Nd5 14. Nd6 b4 15. Nxb7
Qb6 16. Nd6 Rd8 17. Nc4 Qc7 18. Bb2 a5 19. Nce5 Nc3 20. Bxc3 bxc3 21. Qxc3 Rd6
22. Bb5 Bxe5 23. Nxe5 Qb6 24. Bxc6 Nxc6 25. Nxc6 Rc8 26. Ne7+ Kf8 27. Nxc8 Qa6
28. Nxd6 Qxd6 29. Qc5 Qxc5 30. Rxc5 Ke7 31. Rd1 Kf6 32. Rxa5 h5 33. Rc1 g5 34.
Rcc5 h4 35. Rxg5 h3 36. g3 Ke7 37. Rg7 Kf6 38. Rh7 Kg6 39. Rxh3 f6 40. f4 f5 41.
Ra6 Kf7 42. Rh6 Kg7 43. Rhxe6 Kf7 44. Reb6 Ke7 45. Ra7+ Kd8 46. Rb8# {Black
checkmated} 1-0

[Event "Team 45 45 League T61"]
[Site "Internet Chess Club"]
[Date "2014.07.07"]
[Round "6"]
[White "GideonL"]
[Black "AlPearson"]
[Result "0-1"]
[WhiteElo "1404"]
[BlackElo "1415"]
[Opening "Caro-Kann: classical variation"]
[ECO "B18"]
[Time "10:01:26"]
[TimeControl "2700+45"]

1. e4 c6 2. d4 d5 3. Nc3 dxe4 4. Nxe4 Bf5 5. Ng3 Bg6 6. Nf3 Nd7 7. Bf4 Ngf6 8.
Bd3 e6 9. O-O Be7 10. Ne5 Nxe5 11. Bxe5 O-O 12. Bxg6 hxg6 13. f4 Qb6 14. b3 Rfd8
15. c4 c5 16. Ne2 Rd7 17. dxc5 Bxc5+ 18. Kh1 Rxd1 19. Raxd1 Rd8 {White resigns}
0-1

[Event "Team 45 45 League T61"]
[Site "Internet Chess Club"]
[Date "2014.07.05"]
[Round "6"]
[White "chuckh2"]
[Black "Toalla"]
[Result "1-0"]
[WhiteElo "1482"]
[BlackElo "1391"]
[Opening "King's Indian: London system"]
[ECO "A45"]
[Time "14:00:46"]
[TimeControl "2700+45"]

1. d4 Nf6 2. Bf4 g6 3. Nf3 d6 4. e3 Bg7 5. Be2 O-O 6. c4 c5 7. Nc3 Re8 8. d5 Bg4
9. h3 Bxf3 10. Bxf3 Qa5 11. Qc2 Na6 12. a3 Nb4 13. Qd1 Na6 14. O-O Nd7 15. Qc2
Ne5 16. Be2 Nc7 17. e4 a6 18. Bd2 Qb6 19. Na4 Qa7 20. Ba5 Qb8 21. Nb6 Ra7 22. f4
Nb5 23. fxe5 Nd4 24. Qd3 Qd8 25. Bg4 h5 26. Bd7 Rf8 27. Ba4 Kh8 28. b4 Bxe5 29.
Nd7 Qc8 30. Nxf8 Qxf8 31. Bb6 Ra8 32. bxc5 Qg7 33. cxd6 exd6 34. Rab1 Rc8 35.
Bd7 Rg8 36. Kh1 h4 37. Bxd4 Bxd4 38. Rxb7 Qe5 39. Rxf7 {Black resigns} 1-0

[Event "Team 45 45 League T61"]
[Site "Internet Chess Club"]
[Date "2014.07.06"]
[Round "6"]
[White "oldsj"]
[Black "LN09102Q"]
[Result "1-0"]
[WhiteElo "1619"]
[BlackElo "1495"]
[Opening "Ruy Lopez: 5.O-O"]
[ECO "C78"]
[Time "11:00:55"]
[TimeControl "2700+45"]

1. e4 e5 2. Nf3 Nc6 3. Bb5 a6 4. Ba4 Nf6 5. O-O b5 6. Bb3 Bc5 7. a4 Rb8 8. d3 d6
9. h3 h6 10. Nc3 O-O 11. Ne2 Be6 12. c3 Na5 13. Bxe6 fxe6 14. axb5 Bb6 15. bxa6
Ra8 16. Ng3 Qc8 17. b4 Nc6 18. b5 Ne7 19. d4 exd4 20. cxd4 c6 21. Qb3 Kh8 22.
Be3 Re8 23. Rfc1 Qd7 24. bxc6 Nxc6 25. Qxb6 Rec8 26. Qb7 Rab8 27. Qxd7 Nxd7 28.
d5 exd5 29. exd5 Ne7 30. a7 Ra8 31. Rxc8+ Nxc8 32. Ne4 Ndb6 33. Nxd6 Nxd6 34.
Bxb6 Nc4 35. Bc5 Kg8 36. Nd4 Kf7 37. Nb5 {Black resigns} 1-0

[Event "Team 45 45 League T61"]
[Site "Internet Chess Club"]
[Date "2014.07.04"]
[Round "6"]
[White "gz99754539"]
[Black "unclevinny"]
[Result "0-1"]
[WhiteElo "1349"]
[BlackElo "1446"]
[Opening "Ruy Lopez: Caro variation"]
[ECO "C70"]
[Time "21:30:35"]
[TimeControl "2700+45"]

1. e4 e5 2. Nf3 Nc6 3. Bb5 a6 4. Ba4 b5 5. Bb3 Nf6 6. O-O Bc5 7. Nxe5 O-O 8.
Nxc6 dxc6 9. e5 Nd5 10. d4 Bb6 11. a4 a5 12. axb5 cxb5 13. Qf3 Bb7 14. Rd1 Rb8
15. Qe2 Bc6 16. Nd2 Nf4 17. Qf1 Bxg2 18. Qxb5 Qg5 19. Nf3 Nh3# {White
checkmated} 0-1

[Event "Team 45 45 League T61"]
[Site "Internet Chess Club"]
[Date "2014.07.02"]
[Round "6"]
[White "JRussell2"]
[Black "browndeer"]
[Result "1-0"]
[WhiteElo "1415"]
[BlackElo "1468"]
[Opening "Sicilian: accelerated fianchetto, modern variation with Bc4"]
[ECO "B35"]
[Time "18:05:45"]
[TimeControl "2700+45"]

1. e4 c5 2. Nf3 Nc6 3. d4 cxd4 4. Nxd4 g6 5. Nc3 Bg7 6. Be3 Nf6 7. Bc4 O-O 8.
O-O d6 9. Bb3 Qc7 10. Nd5 Nxd5 11. Bxd5 Bd7 12. c3 Rfe8 13. Rc1 a6 14. Qb3 Rab8
15. Bxf7+ Kh8 16. Bxe8 Bxe8 17. Ne6 Qd7 18. Nxg7 Kxg7 19. Bd4+ Nxd4 20. cxd4 Bf7
21. d5 Qg4 22. Qc3+ Kg8 23. f3 Qd7 24. Qc7 Qe8 25. Qb6 Qf8 26. Rc7 Qd8 27. Rfc1
h6 28. Qa7 Kg7 29. Rxb7 Ra8 30. Qd4+ Kg8 31. Rcc7 Rc8 32. Rxe7 Rc1+ 33. Kf2 Rc2+
34. Ke3 Rxg2 35. Rxf7 Qg5+ 36. f4 Rg3+ 37. hxg3 Qxg3+ 38. Ke2 Qg4+ 39. Kd2 Qg2+
40. Kc3 Qf3+ 41. Qd3 {Black resigns} 1-0

[Event "Team 45 45 League T61"]
[Site "Internet Chess Club"]
[Date "2014.07.09"]
[Round "6"]
[White "jonesey"]
[Black "room-matt"]
[Result "1-0"]
[WhiteElo "1880"]
[BlackElo "1834"]
[Opening "Trompowsky attack (Ruth, Opocenský opening)"]
[ECO "A45"]
[Time "13:08:36"]
[TimeControl "2700+45"]

1. d4 Nf6 2. Bg5 h6 3. Bxf6 exf6 4. e3 d5 5. c4 c6 6. cxd5 cxd5 7. Nc3 Bb4 8.
Rc1 O-O 9. Nf3 Bg4 10. Be2 Qa5 11. a3 Bxc3+ 12. Rxc3 Qb6 13. Qb3 Qxb3 14. Rxb3
b6 15. Rc3 Rc8 16. Rxc8+ Bxc8 17. Kd2 Nc6 18. Rc1 Bb7 19. Ne1 Na5 20. Rc7 Rc8
21. Rxc8+ Bxc8 22. Bf3 Bb7 23. Nd3 Nc4+ 24. Kc3 Nd6 25. Nb4 Ne4+ 26. Bxe4 dxe4
27. Kc4 Kf8 28. Kb5 Ke7 29. Nc6+ Bxc6+ 30. Kxc6 f5 31. Kb7 Kd6 32. Kxa7 Kc6 33.
a4 b5 34. d5+ Kc5 35. d6 Kxd6 36. axb5 {Black resigns} 1-0

[Event "Team 45 45 League T61"]
[Site "Internet Chess Club"]
[Date "2014.07.07"]
[Round "6"]
[White "Bryant-L"]
[Black "Longonjo"]
[Result "1-0"]
[WhiteElo "1694"]
[BlackElo "1619"]
[Opening "QGD: Tarrasch defense"]
[ECO "D32"]
[Time "15:00:11"]
[TimeControl "2700+45"]

1. d4 d5 2. c4 e6 3. Nc3 c5 4. e3 Nf6 5. Nf3 a6 6. a3 Nc6 7. dxc5 Bxc5 8. b4 Ba7
9. Bb2 O-O 10. Be2 dxc4 11. Bxc4 Qxd1+ 12. Rxd1 Rd8 13. Ke2 Bd7 14. Bb3 Rac8 15.
Rd2 Be8 16. Rhd1 Rxd2+ 17. Rxd2 Rd8 18. Bc2 Rxd2+ 19. Nxd2 Ne7 20. Nc4 Bc6 21.
f3 Bb8 22. h3 Bc7 23. Nd2 Nfd5 24. Nxd5 Nxd5 25. e4 Ne7 26. Bd4 Ng6 27. Be3 Bf4
28. Bd3 Bxe3 29. Kxe3 e5 30. g3 Kf8 31. Nb3 Ne7 32. Nc5 Ke8 33. Bc4 f6 34. Bb3
Nc8 35. h4 Ke7 36. Bg8 h6 37. Bb3 Nd6 38. a4 Nc8 39. h5 Nd6 40. g4 Nf7 41. Bd5
Bxd5 42. exd5 Kd6 43. Nxb7+ Kxd5 44. Nc5 a5 45. Nd3 axb4 46. Nxb4+ Kc5 47. Nd3+
Kc4 48. Nf2 Kb4 49. Ke4 Kxa4 50. Kf5 Ng5 51. Kg6 Nxf3 52. Kxg7 Nh2 53. Kxf6 e4
54. g5 e3 55. Nd3 hxg5 56. Kxg5 Nf3+ 57. Kg4 {Black resigns} 1-0

[Event "Team 45 45 League T61"]
[Site "Internet Chess Club"]
[Date "2014.07.05"]
[Round "6"]
[White "Salvatore"]
[Black "julesraider"]
[Result "1/2-1/2"]
[WhiteElo "1590"]
[BlackElo "1589"]
[Opening "Trompowsky attack (Ruth, Opocenský opening)"]
[ECO "A45"]
[Time "10:10:49"]
[TimeControl "2700+45"]

1. d4 Nf6 2. Bg5 c5 3. Bxf6 exf6 4. e3 f5 5. d5 Qb6 6. c4 Qxb2 7. Nd2 g6 8. Ngf3
Bg7 9. Rb1 Qxa2 10. Be2 d6 11. O-O O-O 12. h4 Nd7 13. h5 Qa5 14. hxg6 hxg6 15.
Ng5 Qd8 16. f4 Bf6 17. Ndf3 Kg7 18. Kf2 Rh8 19. Rh1 b6 20. Rxh8 Qxh8 21. Qh1 a5
22. Qxh8+ Kxh8 23. Nxf7+ Kg7 24. Nxd6 a4 25. Ne8+ Kf7 26. Nxf6 Kxf6 27. Nd2 g5
28. g3 a3 29. Ra1 a2 30. Nb3 b5 31. cxb5 Bb7 32. Bc4 Nb6 33. Be2 Bxd5 34. Nxc5
Rc8 35. Nd3 Rc2 36. Nb4 Rb2 37. Nxd5+ Nxd5 38. fxg5+ Kxg5 39. Kf3 Nc3 40. Bc4
Rb1 41. Rxa2 Nxa2 42. Bxa2 Rxb5 43. Bc4 Rb4 44. Be6 Kf6 45. Bc8 Ke5 46. Ba6 Rb1
47. Bd3 Rb3 48. Ba6 Rc3 49. Bb7 Ra3 50. Bc6 Ra1 51. Bb5 {Game drawn by mutual
agreement} 1/2-1/2

[Event "Team 45 45 League T61"]
[Site "Internet Chess Club"]
[Date "2014.07.05"]
[Round "6"]
[White "KidRattler"]
[Black "Invicta-Knight"]
[Result "0-1"]
[WhiteElo "1476"]
[BlackElo "1484"]
[Opening "Benko's opening"]
[ECO "A00"]
[Time "12:14:51"]
[TimeControl "2700+45"]

1. g3 c5 2. Bg2 Nc6 3. e4 b6 4. Nc3 Nf6 5. Nge2 Rb8 6. d3 Bb7 7. O-O h5 8. Bd2
h4 9. Bg5 h3 10. Bh1 Ng4 11. Nf4 Nge5 12. Nfd5 f6 13. Be3 g5 14. Bf3 Nxf3+ 15.
Qxf3 Ne5 16. Qf5 Bg7 17. Nb5 a6 18. Nbc7+ Kf7 19. Bxg5 e6 20. Qf4 Bxd5 21. Nxa6
Ra8 22. exd5 Rxa6 23. dxe6+ dxe6 24. Qxe5 fxe5 25. Bxd8 Rxd8 26. f4 exf4 27.
Rxf4+ Ke7 28. Rh4 Rh8 29. Rxh8 Bxh8 30. c3 e5 31. Kf2 Ke6 32. g4 Kd5 33. Kg3 e4
34. dxe4+ Kxe4 35. Kxh3 Kd3 36. Rb1 Rxa2 37. b4 Kxc3 38. bxc5 bxc5 39. Kg3 Be5+
40. Kf3 Rxh2 41. Ke4 Bd4 42. g5 Rg2 43. Kf5 Kd3 44. Rb3+ Kc2 45. Rb7 c4 46. g6
c3 47. Ke4 Rg4+ 48. Kd5 Kd3 49. Rc7 Rxg6 50. Rxc3+ Bxc3 51. Kc5 Rg5+ 52. Kd6 Ke4
53. Kc6 Kd4 54. Kb6 Kc4 55. Kc6 Rg6+ 56. Kd7 Kc5 57. Ke7 Kd5 58. Kf7 Rh6 59. Ke7
Bb2 60. Kf7 Ke5 61. Ke7 Rh7+ 62. Kd8 Ke6 63. Kc8 Kd6 64. Kb8 Kc6 65. Ka8 Kb6 66.
Kb8 Rh8# {White checkmated} 0-1

[Event "Team 45 45 League T61"]
[Site "Internet Chess Club"]
[Date "2014.07.03"]
[Round "6"]
[White "Egmont"]
[Black "joebobpop"]
[Result "1/2-1/2"]
[WhiteElo "1812"]
[BlackElo "1876"]
[Opening "Queen's pawn: London system"]
[ECO "A45"]
[Time "12:09:37"]
[TimeControl "2700+45"]

1. d4 Nf6 2. Bf4 g6 3. e3 d5 4. Be2 Bg7 5. Nf3 O-O 6. h3 Nc6 7. Bh2 a6 8. O-O
Bf5 9. c3 Re8 10. Ne5 Nxe5 11. Bxe5 Nd7 12. Bxg7 Kxg7 13. Bd3 Bxd3 14. Qxd3 e5
15. dxe5 Nxe5 16. Qd4 Kg8 17. Nd2 Nc6 18. Qd3 Ne5 19. Qd4 c6 20. Nb3 Nc4 21.
Rab1 Re4 22. Qd1 Qd6 23. Nd2 Nxd2 24. Qxd2 Rae8 25. Rbc1 b5 26. b3 Qf6 27. c4
bxc4 28. bxc4 dxc4 29. Qa5 Ra8 30. Rc2 Qe6 31. Rfc1 Qd5 32. Qb4 Qb5 33. Qd2 Rae8
34. Qe2 c3 35. Kf1 Kf8 36. Rxc3 R8e6 37. Rc5 Qxe2+ 38. Kxe2 Ra4 39. R1c2 Rd6 40.
R5c4 Ra3 41. R4c3 Rxc3 42. Rxc3 Ke7 43. a3 Kd7 44. Rd3 Rxd3 45. Kxd3 Kd6 46. Kc4
c5 47. e4 f6 {Game drawn by mutual agreement} 1/2-1/2

[Event "Team 45 45 League T61"]
[Site "Internet Chess Club"]
[Date "2014.07.06"]
[Round "6"]
[White "chessnow"]
[Black "AVEMARIA"]
[Result "1/2-1/2"]
[WhiteElo "1586"]
[BlackElo "1623"]
[Opening "Caro-Kann: advance variation"]
[ECO "B12"]
[Time "13:00:34"]
[TimeControl "2700+45"]

1. e4 c6 2. d4 d5 3. e5 Bf5 4. Nf3 e6 5. Be2 Nd7 6. O-O c5 7. c3 cxd4 8. cxd4
Ne7 9. Nc3 a6 10. Be3 Bg4 11. Nh4 Bxe2 12. Qxe2 Ng6 13. Nf3 Be7 14. Rac1 Qa5 15.
Rc2 O-O 16. Rfc1 Nb6 17. b3 Ba3 18. Rd1 Rac8 19. Nb1 Rxc2 20. Qxc2 Rc8 21. Qe2
Bb4 22. Qb2 Bc3 23. Nxc3 Qxc3 24. Qxc3 Rxc3 25. Rc1 Rxc1+ 26. Bxc1 Nd7 27. Ba3
Ngf8 28. Kf1 Nb8 29. Bc5 Nfd7 30. Ke2 b6 31. Bd6 Nc6 32. Kd3 h6 33. b4 f6 34. a3
fxe5 35. Nxe5 Ncxe5+ 36. dxe5 Kf7 37. f4 Kg6 38. g4 h5 39. h3 hxg4 40. hxg4 Kf7
41. Kd4 g6 42. f5 gxf5 43. gxf5 b5 44. Bc5 Nb8 45. Bd6 Nd7 46. Bc5 Nb8 47. Bd6
Nd7 {Game drawn by repetition} 1/2-1/2

[Event "Team 45 45 League T61"]
[Site "Internet Chess Club"]
[Date "2014.07.02"]
[Round "6"]
[White "Kingofknights"]
[Black "almond123"]
[Result "1-0"]
[WhiteElo "1679"]
[BlackElo "1402"]
[Opening "Grünfeld: 5.e3"]
[ECO "D94"]
[Time "20:33:06"]
[TimeControl "2700+45"]

1. d4 Nf6 2. c4 g6 3. Nc3 d5 4. e3 Bg7 5. Nf3 O-O 6. Be2 dxc4 7. Bxc4 Nc6 8. O-O
Bf5 9. a3 e6 10. b4 Nd5 11. Bb2 Nxc3 12. Bxc3 a6 13. a4 Qd6 14. Qb3 b6 15. Rad1
b5 16. axb5 axb5 17. Bxb5 Ne7 18. Ne5 Bxe5 19. dxe5 Qb6 20. Be2 Nd5 21. Bf3 c6
22. e4 Nxc3 23. Qxc3 Bxe4 24. Bxe4 Rfc8 25. Rd6 Ra6 26. Rb1 Qb5 27. Bd3 Qb6 28.
Bxa6 Qxa6 29. Qd3 Qxd3 30. Rxd3 Rb8 31. Rd6 Rc8 32. Rc1 c5 33. bxc5 Kf8 34. c6
Ke7 35. Rd7+ Ke8 36. Rb7 Kd8 37. Rd1+ Ke8 38. c7 Ke7 39. Rd8 Rxd8 40. cxd8=Q+
Kxd8 41. Rxf7 Ke8 42. Rxh7 Kf8 43. f4 Kg8 44. Re7 Kf8 45. Rxe6 Kf7 46. Rf6+ Kg7
47. g4 Kh6 48. Kg2 Kg7 49. g5 Kg8 50. e6 Kg7 51. e7 Kg8 52. e8=Q+ Kg7 53. Qxg6+
Kh8 54. Rf8# {Black checkmated} 1-0

[Event "Team 45 45 League T61"]
[Site "Internet Chess Club"]
[Date "2014.07.06"]
[Round "6"]
[White "zugknightly"]
[Black "SilentKnight"]
[Result "1-0"]
[WhiteElo "1802"]
[BlackElo "1653"]
[Opening "English: Anglo-Grünfeld, Smyslov defense"]
[ECO "A10"]
[Time "19:00:32"]
[TimeControl "2700+45"]

1. c4 g6 2. Nc3 Nf6 3. g3 d5 4. cxd5 Nxd5 5. Bg2 Nxc3 6. bxc3 Bg7 7. Rb1 c6 8.
Nf3 O-O 9. O-O Qd5 10. a4 Qd7 11. c4 c5 12. d3 Nc6 13. Ng5 b6 14. Ne4 Bb7 15.
Ba3 Rab8 16. Bb2 Nb4 17. Bxg7 Kxg7 18. Qb3 Qc6 19. Qc3+ Kg8 20. f3 f5 21. Nd2
Qf6 22. Qxf6 Rxf6 23. Nb3 e5 24. a5 Kf7 25. axb6 Rxb6 26. Nxc5 Bc6 27. Rxb4 Rxb4
28. Na6 Rb2 29. Nxb8 Rxb8 30. Ra1 Ra8 31. Ra5 Ke6 32. f4 e4 33. d4 Kd6 34. e3
Kc7 35. c5 Bb7 36. Bf1 Kc6 37. Bc4 Kd7 38. d5 h6 39. c6+ Bxc6 40. dxc6+ Kxc6 41.
Ra6+ Kc5 42. Bf7 Kb5 43. Rxg6 a5 44. Rf6 a4 45. Rxf5+ Kb4 46. Re5 a3 47. Rxe4+
Kc3 48. Re7 a2 49. Bxa2 Rxa2 50. f5 Kd2 51. f6 Ke2 52. Kg2 Kd3+ 53. Kf3 Ra1 54.
f7 Kc4 55. Kg4 Ra4 56. Re4+ {Black resigns} 1-0

[Event "Team 45 45 League T61"]
[Site "Internet Chess Club"]
[Date "2014.07.05"]
[Round "6"]
[White "JeffH"]
[Black "Signalman"]
[Result "1/2-1/2"]
[WhiteElo "1725"]
[BlackElo "1726"]
[Opening "French: exchange variation"]
[ECO "C01"]
[Time "09:45:29"]
[TimeControl "2700+45"]

1. e4 e6 2. d4 d5 3. exd5 exd5 4. c4 Bb4+ 5. Nc3 Nf6 6. Nf3 Bf5 7. Be2 Bxc3+ 8.
bxc3 O-O 9. O-O c6 10. Bg5 Nbd7 11. Qb3 Re8 12. Rfe1 Qc7 13. cxd5 cxd5 14. Bb5
a6 15. Bxd7 Qxd7 16. Bxf6 gxf6 17. c4 dxc4 18. Qxc4 Be6 19. Qc1 Rac8 20. Qh6 Qd8
21. Re4 Rc6 22. Rae1 Bd7 {Game drawn by mutual agreement} 1/2-1/2

[Event "Team 45 45 League T61"]
[Site "Internet Chess Club"]
[Date "2014.07.06"]
[Round "6"]
[White "rayonline53"]
[Black "okieman888"]
[Result "0-1"]
[WhiteElo "1519"]
[BlackElo "1495"]
[Opening "French: exchange variation"]
[ECO "C01"]
[Time "18:04:38"]
[TimeControl "2700+45"]

1. e4 e6 2. d4 d5 3. exd5 exd5 4. Bd3 Nc6 5. c3 Bd6 6. Nf3 Bg4 7. Be3 Qd7 8.
Nbd2 Nge7 9. Qc2 O-O-O 10. h3 Bf5 11. O-O Bxh3 12. gxh3 Qxh3 13. Rfe1 g5 14. Bf1
Qg4+ 15. Bg2 Nf5 16. Kf1 Rde8 17. Qd1 Nxe3+ 18. Rxe3 Rxe3 19. fxe3 Re8 20. Qe2
f6 21. Qd3 h5 22. Re1 h4 23. e4 h3 24. Bh1 h2 25. exd5 Qh3+ 26. Bg2 h1=Q+ {White
resigns} 0-1

[Event "Team 45 45 League T61"]
[Site "Internet Chess Club"]
[Date "2014.07.06"]
[Round "6"]
[White "Ostap-Bender"]
[Black "evan7284"]
[Result "0-1"]
[WhiteElo "1388"]
[BlackElo "1622"]
[Opening "QGD: 3.Nc3"]
[ECO "D31"]
[Time "15:00:24"]
[TimeControl "2700+45"]

1. d4 d5 2. c4 e6 3. Nc3 f5 4. Nf3 Nf6 5. Bf4 c6 6. e3 Bd6 7. Bxd6 Qxd6 8. Be2
Nbd7 9. O-O O-O 10. cxd5 exd5 11. Rc1 Ne4 12. Qc2 Rf6 13. Nd2 Nxd2 14. Qxd2 Rh6
15. g3 Nf6 16. Bf3 Be6 17. Ne2 Ne4 18. Bxe4 fxe4 19. Nf4 Bg4 20. h4 Bf3 21. Nh3
Qg6 22. Ng5 Qxg5 23. hxg5 Rh1# {White checkmated} 0-1

[Event "Team 45 45 League T61"]
[Site "Internet Chess Club"]
[Date "2014.07.06"]
[Round "6"]
[White "otherook"]
[Black "Portola"]
[Result "0-1"]
[WhiteElo "1765"]
[BlackElo "1768"]
[Opening "English opening"]
[ECO "A13"]
[Time "13:00:36"]
[TimeControl "2700+45"]

1. c4 e6 2. g3 d5 3. cxd5 exd5 4. Bg2 c6 5. Nf3 Nf6 6. O-O Bc5 7. d4 Bd6 8. b3
O-O 9. Bb2 Bf5 10. Nbd2 Nbd7 11. Ne5 Re8 12. Ndf3 h6 13. e3 Bh7 14. a3 a5 15.
Nd3 Qb6 16. Nfe5 Qb5 17. Re1 Nf8 18. Bf1 Qb6 19. Rc1 N6d7 20. Bh3 Qc7 21. Nxd7
Nxd7 22. b4 axb4 23. Nxb4 Bxb4 24. axb4 Nb6 25. b5 Nc4 26. Qb3 Nd2 27. Qd1 Nc4
28. Qb3 Qd6 29. Ra1 Be4 30. Bg2 Bxg2 31. Kxg2 Qg6 32. Rxa8 Rxa8 33. bxc6 bxc6
34. f3 Qd6 35. e4 Rb8 {White forfeits on time} 0-1